Unix NetHack Version 5.0.0-0 post-release - last build Jul 19 2026 19:10:59 (3aa4ab31751d3886436d94b585a96704892fd477,branch:main).

Game began 2026-07-27 12:27:12, ended 2026-07-28 09:12:25.

LDaviesPeters, neutral female human Archeologist

                                                            -------
                                                     --------`....-----
                                                    --....[).*.--.....|
                                                    |)..---(---------.----
                                                  ###..--           |....|
                                                 ----.--            ---..|
                                                ......|               |..|
                                               -.....-----            |.--
                                               ..G@..--).|  ----      |.|
                                               -...d....)----..--     |.-------
                                                .....%........^.-- ----.......|
                                                 ...|.......---..---....---...|
                                                  .---......- -......<..--|..--
                                                     -....................|--|
                                                       ...... ---.........|..|
                                                                |............|
                                                                --).........--
                                                                 --......----
                                                                  |...|..|
                                                                  -------

LDaviesPeters the Investigator  St:10 Dx:11 Co:18 In:17 Wi:14 Ch:10  Neutral
Dlvl:6  $:0  HP:0(47) Pw:33(33) AC:7  Xp:6 T:5712 

Latest messages:
 You can see again.
 There is a spiked pit here.
 You plunge into a pit!
 Your pair of hard shoes protects you from the sharp iron spikes.
 There is a wolf corpse here; eat it? [ynq] (n) y
 This wolf corpse tastes okay.
 You finish eating the wolf corpse.
 S - a cloudy potion.
 You are still in a pit.
 You crawl to the edge of the pit.
 You see here a bag of tricks.
 What do you want to use or apply? [abgklvxABLOR or ?*] b
 You put a cloudy potion into the bag called HoldingBag.
 You see here 8 rocks.
 You hear some noises in the distance.
 A little dart shoots out at you!
 You are hit by a little dart.
 The dart was poisoned!
 The poison doesn't seem to affect you.
 The gnome lady misses!
 You lash the gnome lady.
 The gnome lady misses!
 The gnome wields a thonged club!
 The gnome secures the tether on the thonged club.
 You lash the gnome lady!
 You lash the gnome lady.
 The gnome lady hits!
 You lash the gnome lady.
 The gnome lady hits!
 You kill the gnome lady!
 A dagger misses you.
 The gnome wields 3 daggers!
 You lash the gnome!
 You are hit by a thonged club.
 The thonged club returns to its hand!
 The gnome thrusts one of her daggers.
 The gnome just misses!
 You kill the gnome!
 The wolf bites!
 The wolf bites!
 The gnome swings her thonged club.
 The gnome hits!
 You lash the gnome!
 The wolf bites!
 You die...
 Do you want your possessions identified? [ynq] (y) y
 Do you want to see your attributes? [ynq] (y) y
 Do you want an account of creatures vanquished? [ynaq] (y) n
 Do you want to see your conduct and achievements? [ynq] (y) y
 Do you want to see the dungeon overview? [ynq] (y) n

Inventory:
 Weapons  (')')
  N - a blessed +0 dagger
  F - a +0 dagger
  m - a +0 orcish dagger
  j - a corroded +0 orcish dagger (at the ready)
  a - a +2 bullwhip (weapon in right hand)
 Armor    ('[')
  D - an uncursed +0 orcish helm (being worn)
  G - an uncursed +0 pair of iron shoes (being worn)
  h - an uncursed burnt +0 leather jacket (being worn)
 Comestibles  ('%')
  u - an uncursed food ration
 Scrolls  ('?')
  s - a cursed scroll of teleportation
 Rings    ('=')
  Q - an uncursed +1 ring of adornment
  P - an uncursed ring of poison resistance (on left hand)
 Wands    ('/')
  x - a wand of magic missile (0:6)
  R - a wand of magic missile (0:6)
  L - a wand of sleep (0:7)
 Tools    ('(')
  b - an uncursed bag of holding containing 35 items
  v - an empty uncursed oilskin sack
  A - a bag of tricks (0:11)
  B - an uncursed blindfold
  k - an uncursed lock pick
  l - a blessed magic lamp (lit)
  O - an uncursed stethoscope
 Gems/Stones  ('*')
  n - 2 uncursed amber stones
  g - an uncursed touchstone

Contents of the bag of holding:
  274 gold pieces
  17 +0 darts
  an uncursed +0 dwarvish iron helm
  an uncursed +0 fedora
  an uncursed +0 Hawaiian shirt with a parrot motif
  4 uncursed food rations
  an uncursed lembas wafer
  an uncursed scroll of amnesia
  an uncursed scroll of confuse monster
  an uncursed scroll of earth
  2 uncursed scrolls of enchant weapon
  an uncursed scroll of identify
  a blessed scroll of light
  an uncursed scroll of light
  a blessed scroll of remove curse
  an uncursed spellbook of invisibility
  2 uncursed potions of booze
  4 uncursed potions of confusion
  an uncursed potion of gain ability
  a blessed potion of gain energy
  an uncursed potion of hallucination
  3 uncursed potions of healing
  an uncursed potion of invisibility
  a blessed potion of restore ability
  2 uncursed potions of restore ability
  a blessed potion of speed
  an uncursed potion of water
  a cursed ring of aggravate monster named Cursed
  a wand of create monster (0:12)
  an expensive camera (0:66)
  an expensive camera (0:41)
  a magic marker (0:51)
  a magic marker (0:35)
  a +0 pick-axe
  a tinning kit (0:30)

LDaviesPeters the Archeologist's attributes:

Background:
 You were an Investigator, a level 6 female human Archeologist.
 You were neutral, on a mission for Camaxtli
 who was opposed by Quetzalcoatl (lawful) and Huhetotl (chaotic).
 You were right-handed.
 You were in the Gnomish Mines, on level 6.
 You entered the dungeon 5712 turns ago.
 You had 431 experience points, 209 more were needed to attain level 7.

Basics:
 You had 0 out of 47 hit points.
 You had all 33 energy points (spell power).
 Your armor class was 7.
 Your wallet was empty, but
 you had 274 zorkmids stashed away in your pack.
 Autopickup was off.

Final Characteristics:
 Your strength was 10 (limit:18/100).
 Your dexterity was 11 (limit:18).
 Your constitution was 18 (limit:18).
 Your intelligence was 17 (limit:18).
 Your wisdom was 14 (limit:18).
 Your charisma was 10 (limit:18).

Final Status:
 You weren't hungry.
 You were unencumbered.
 You were wielding a whip.
 You were skilled in whip.

Final Attributes:
 You were piously aligned.
 You were poison resistant.
 You were telepathic.
 You had automatic searching.
 You were stealthy.
 You are dead.

Miscellaneous:
 You didn't encounter any bones levels.
 Total elapsed playing time was 1 hour, 46 minutes and 40 seconds.

Major events:
 Turn
    1: LDaviesPeters the neutral female human Archeologist entered the dungeon
 1258: attained the rank of Field Worker (level 3)
 4728: entered the Gnomish Mines
 5410: attained the rank of Investigator (level 6)
 5712: killed by a wolf

Spells:
 Name                 Level Category     Fail Retention
 invisibility           4   escape       100%   51%-75%
 detect unseen          3   divination   100%  76%-100%
 force bolt             1   attack        44%  76%-100%
 charm monster          5   enchantment  100%  76%-100%
 haste self             3   escape       100%  76%-100%

Skills:
 Fighting Skills
   bare handed combat [Unskilled]
   two weapon combat  [Unskilled]
   riding             [Unskilled]
 Weapon Skills
   dagger             [Unskilled]
   knife              [Unskilled]
   pick-axe           [Basic]
   short sword        [Unskilled]
   saber              [Unskilled]
   club               [Unskilled]
   quarterstaff       [Unskilled]
   sling              [Unskilled]
   dart               [Unskilled]
   boomerang          [Unskilled]
   whip               [Skilled]
   unicorn horn       [Unskilled]
 Spellcasting Skills
   attack spells      [Unskilled]
   healing spells     [Unskilled]
   divination spells  [Unskilled]
   matter spells      [Unskilled]

Voluntary challenges:
 Character rerolling was not enabled.
 You never genocided any monsters.
 You never polymorphed an object.
 You never changed form.
 You used no wishes.
Achievements:
 You entered a shop.
 You attained the rank of Field Worker.
 You entered the Gnomish Mines.
 You attained the rank of Investigator.

 The Dungeons of Doom: levels 1 to 5
    Level 1:
       A sink.
    Level 2:
       A tool shop, some fountains.
    Level 3:
       A general store.
    Level 4:
       Stairs down to The Gnomish Mines.
    Level 5:
 The Gnomish Mines: levels 5 to 7
    Level 5:
    Level 6: <- You were here.
       Final resting place for
          you, killed by a wolf.
    Level 7:


Vanquished creatures:
  2 wolves
  a bugbear
  3 fog clouds
  a shrieker
  5 gnome leaders
 an elf zombie
  4 floating eyes
  4 dwarves
  a homunculus
  a kobold leader
  4 rothes
  a giant bat
  2 monkeys
  a dwarf zombie
  2 werejackals
 an iguana
  2 acid blobs
  2 coyotes
  a gas spore
  2 hobbits
  a hobgoblin
  9 giant rats
  a cave spider
  3 brown molds
  4 yellow molds
 16 gnomes
  3 geckos
  8 jackals
  a fox
  a kobold
  3 goblins
  5 sewer rats
  2 grid bugs
  4 lichens
  a kobold zombie
  7 newts
110 creatures vanquished.

No species were genocided or became extinct.

Game over:
                       ----------
                      /          \
                     /    REST    \
                    /      IN      \
                   /     PEACE      \
                  /                  \
                  |  LDaviesPeters   |
                  |      274 Au      |
                  | killed by a wolf |
                  |                  |
                  |                  |
                  |                  |
                  |       2026       |
                 *|     *  *  *      | *
        _________)/\\_//(\/(/\)/\//\/|_)_______

Goodbye LDaviesPeters the Archeologist...

You died in The Gnomish Mines on dungeon level 6 with 2281 points,
and 274 pieces of gold, after 5712 moves.
You were level 6 with a maximum of 47 hit points when you died.

